 Dungeon Crawl Stone Soup version 0.28.0-45-g0d030f2227 (webtiles) character file.

Game seed: 14436501271192385990

369 101zpm the Conjurer (level 6, -7/47 HPs)
             Began as a Demigod Conjurer on Apr 11, 2022.
             Mangled by Pikel
             ... wielding a +1 whip of electrocution
              (9 damage)
             ... on level 2 of the Dungeon.
             The game lasted 00:21:47 (7150 turns).

101zpm the Conjurer (Demigod Conjurer)              Turns: 7150, Time: 00:21:48

Health: -7/47      AC:  3    Str:  8    XL:     6   Next: 18%
Magic:  14/14      EV: 12    Int: 32    God:
Gold:   310        SH:  5    Dex: 12    Spells: 8/11 levels left

rFire   . . .      SeeInvis +   y - +3 quarterstaff (chaos)
rCold   . . .      Faith    .   (shield currently unavailable)
rNeg    . . .      Spirit   .   j - +0 robe of the Old and Reckless {Will+ Int+4}
rPois   .          Reflect  +   (no helmet)
rElec   .          Harm     .   m - scarf {repulsion}
rCorr   .          Rampage  .   (no gloves)
Will    +....                   e - +0 pair of boots
Stlth   ++........              o - amulet of reflection
HPRegen 0.15/turn               p - ring of see invisible
MPRegen 0.14/turn               (no ring)

@: repel missiles
A: high MP 1, forlorn, divine attributes
a: no special abilities


You were on level 2 of the Dungeon.
You visited 2 branches of the dungeon, and saw 6 of its levels.

You collected 310 gold pieces.

Inventory:

Hand Weapons
 d - a +0 hand axe
 h - a +4 club
 y - a +3 quarterstaff of chaos (weapon)
Missiles
 c - 175 stones
 w - 3 poisoned darts
Armour
 e - a +0 pair of boots (worn)
 j - the +0 robe of the Old and Reckless (worn) {Will+ Int+4}
   (You found it on level 2 of the Dungeon)

   Int:       It affects your intelligence (+4).
   Will:      It increases your willpower.
 m - a scarf of repulsion (worn)
Jewellery
 o - an amulet of reflection (around neck)
 p - a ring of see invisible (left hand)
Scrolls
 a - 2 scrolls of magic mapping {unknown}
 b - 2 scrolls of teleportation
 f - 3 scrolls of identify
 s - a scroll of noise {unknown}
 u - 3 scrolls of enchant armour {unknown}
 v - a scroll of fear {unknown}
 x - a scroll of immolation {unknown}
Potions
 g - 2 potions of cancellation {unknown}
 i - a potion of might {unknown}
 k - 2 potions of magic
 l - 2 potions of haste {unknown}
 n - 2 potions of attraction {unknown}
 q - a potion of mutation {unknown}
 r - a potion of curing
 t - a potion of berserk rage {unknown}


   Skills:
 + Level 1.5 Fighting
 + Level 0.7 Maces & Flails
 + Level 2.4 Dodging
 + Level 2.6 Stealth
 + Level 1.0 Shields
 + Level 0.1 Unarmed Combat
 + Level 3.4 Spellcasting
 + Level 5.0 Conjurations


You had 8 spell levels left.
You knew the following spells:

 Your Spells              Type           Power      Damage    Failure   Level
a - Magic Dart            Conj           100%       1d8       1%          1
b - Searing Ray           Conj           74%        2d7       1%          2

Your spell library contained the following spells:

 Spells                   Type           Power      Damage    Failure   Level
 Dazzling Flash           Conj/Hex       42%        N/A       6%          3
 Fulminant Prism          Conj/Hex       10%        3d9       22%         4
 Iskenderun's Mystic Bla  Conj/Tloc      21%        2d6       22%         4


Dungeon Overview and Level Annotations

Branches:
Dungeon (5/15)             Temple (1/1) D:4

Shops:
D:4 *   D:5 ?*[(

Annotations:
D:2 Pikel
D:3 Sigmund
D:4 Grinder


Innate Abilities, Weirdness & Mutations

You have an increased reservoir of magic. (+10% MP)
You shall have no god before yourself.
Your divine heritage dramatically boosts your attributes as you level up.


Message History

You block Pikel's attack.
Casting: Magic Dart (safe; 1% risk of failure)
Confirm with . or Enter, or press ? or * to list all spells.
Aiming: Searing Ray (safe; 1% risk of failure)
Press: ? - help, Shift-Dir - straight line, f/p - Pikel
Aim: Pikel, wielding a +1 whip of electrocution and wearing a +0 robe (lightly wounded, 76% to hit)
The searing ray hits Pikel.
Pikel is lightly wounded. (Press . to maintain the ray.) Pikel hits you with a +1 whip of electrocution!
Pikel says, "You'll feel the lick of my whip!"
There is a stone staircase leading up here.
Magic restored.
Pikel hits you with a +1 whip of electrocution.
You climb upwards.
There is a stone staircase leading down here.
Pikel says, "You'll make a fine lemure."
The lemure hits you but does no damage. The lemure hits you but does no damage.
There is a stone staircase leading down here.
You block Pikel's attack.
Pikel says, "You'll feel the lick of my whip!"
Pikel says, "You'll feel the lick of my whip!"
You hit Pikel. You burn Pikel.
Pikel is lightly wounded.
Pikel misses you.
You thump Pikel!
Pikel goes berserk!
Pikel is moderately wounded.
Pikel barely misses you. Pikel completely misses you.
Pikel hits you with a +1 whip of electrocution!
You are electrocuted!
* * * LOW HITPOINT WARNING * * *
Pikel barely misses you.
Pikel rages.
Pikel hits you with a +1 whip of electrocution!
* * * LOW HITPOINT WARNING * * *
Pikel barely misses you.
There is a stone staircase leading down here.
Pikel hits you with a +1 whip of electrocution!
You die...

..# #.##.# #)............# ..#
#.##.######..################ ..#
#.##.#..............)........ ###
#.##.#.####..################ #
#............################
#####.##.#.##.#.5..............5.
...............[>################
#..........##...K...........#
....)......####.@##########.#
...#####...#.....# #.#
...#![$#...#.##..##########.###
...#(??#...#..................#
...#S$?#...#......#############
...#####...######.###############
.................................
#..........######..##############
.....#####......#..##


You could see Pikel (berserk) and a lemure.

Vanquished Creatures
  A lemure (Temple)
  A scorpion (D:4)
  2 hounds (D:4)
  A bullfrog skeleton (D:4)
  Crazy Yiuf (D:2)
  Jessica (D:2)
  An iguana (D:5)
  An orc wizard (D:3)
  4 adders
  A white imp (D:5)
  A worm (D:2)
  A dart slug (D:1)
  9 orcs (D:3)
  4 bats
  4 endoplasms
  2 giant cockroaches
  7 goblins
  2 hobgoblins
  3 jackals (D:1)
  5 kobolds
  4 quokkas
  4 ball pythons
  A frilled lizard (D:1)
  3 rats
64 creatures vanquished.

Vanquished Creatures (others)
  5 plants (D:3)
5 creatures vanquished.

Grand Total: 69 creatures vanquished

Notes
Turn   | Place    | Note
-------+----------+-------------------------------------------
     0 | D:1      | 101zpm the Demigod Conjurer began the quest for the Orb.
     0 | D:1      | Reached XP level 1. HP: 14/14 MP: 5/5
   288 | D:1      | Reached skill level 4 in Conjurations
   518 | D:2      | Reached XP level 2. HP: 20/20 MP: 4/7
   546 | D:2      | Noticed Jessica
   549 | D:2      | Killed Jessica
   550 | D:2      | Reached XP level 3. HP: 27/27 MP: 4/8
   589 | D:3      | Noticed Sigmund
   736 | D:2      | Identified the +0 robe of the Old and Reckless {Will+
                  | Int+4}
  1306 | D:2      | Found a runed translucent door.
  1307 | D:2      | Noticed Crazy Yiuf
  2654 | D:4      | Found a staircase to the Ecumenical Temple.
  2692 | D:4      | Noticed a lemure
  2692 | D:4      | Noticed a lemure
  2706 | Temple   | Entered the Ecumenical Temple
  2722 | Temple   | Killed a lemure
  3024 | D:4      | Found Hibleker's Neck Hole.
  3065 | D:4      | Reached skill level 1 in Fighting
  3065 | D:4      | Reached XP level 4. HP: 23/35 MP: 2/10
  3488 | D:4      | Noticed Pikel
  3503 | D:5      | Entered Level 5 of the Dungeon
  3847 | D:5      | Noticed a sky beast
  3857 | D:4      | Noticed a lemure
  3864 | D:4      | Noticed a lemure
  3885 | D:4      | Noticed Grinder
  4044 | D:4      | Reached XP level 5. HP: 40/40 MP: 7/12
  5831 | D:5      | Found Icebbay's Magic Scroll Shop.
  5850 | D:5      | Found Doiwai Soeng's Armour Shop.
  6221 | D:5      | Found Qutus's Weapon Shoppe.
  6241 | D:5      | Found Gozag's Platinum Reserve.
  6539 | D:4      | Reached skill level 1 in Shields
  6539 | D:4      | Reached skill level 5 in Conjurations
  6539 | D:4      | Reached XP level 6. HP: 39/47 MP: 5/14
  6606 | D:4      | Learned a level 2 spell: Searing Ray
  6728 | D:2      | Killed Crazy Yiuf
  7146 | D:2      | HP: 1/47 [Pikel/+1 whip of electrocution (9)]
  7150 | D:2      | Mangled by Pikel

Illustrated notes

Levels and vault maps discovered:
D:1:      grunt_arrival_crossed_arrows, layout_rooms, kennysheep_nondescript
D:2:      layout_basic, due_unseen_surprise, uniq_jessica,
          uniq_crazy_yiuf_cottage
D:3:      layout_loops_cross, mainiacjoe_overflow_chevrons,
          ebering_ecumenical_altar_sacrificial, uniq_sigmund
D:4:      layout_basic, nzn_hepliaklqana_mist_gate,
          mainiacjoe_overflow_tiny_flanked, minmay_temple_entry_statues_pillars,
          nicolae_shop_sticking_my_neck_out, uniq_grinder, uniq_pikel
D:5:      layout_layer_cave, nicolae_gozag_zags_fifth_avenue, lemuel_tele_altar,
          overflow_temple_1_default, serial_shops, kennysheep_little_box, shop,
          shop, nicolae_shop_crystal, minmay_splitting_lines, nicolae_wormholes
Temple:   cyrus_circular_temple

Skill      XL: |  1  2  3  4  5 |
---------------+----------------+-----
Conjurations   | 4 5 |  5.0
Dodging        | 2 |  2.4
Spellcasting   | 2 3 |  3.4
Fighting       | 1 |  1.5
Stealth        | 2 |  2.6
Shields        | 1 |  1.0
Maces & Flails | |  0.7
Unarmed Combat | |  0.1

Action                   |  1- 3 |  4- 6 || total
-------------------------+-------+-------++-------
Melee: Unarmed           |    16 |       ||    16
       Club              |     8 |     8 ||    16
       Punch             |       |     1 ||     1
       Quarterstaff      |       |     9 ||     9
 Cast: Magic Dart        |    89 |   108 ||   197
       Searing Ray       |       |     3 ||     3
  Use: Scroll            |     2 |     1 ||     3
Armor: Robe              |     9 |    12 ||    21
Dodge: Dodged            |    29 |    34 ||    63
       Repelled          |       |     2 ||     2
Block: Other             |     9 |    11 ||    20
